 Dungeon Crawl Stone Soup version bcrawl-1.40.3b (webtiles) character file.

Game seed: 12827230952988902765

375717 petercordia the Cleaver (level 11, -2/87 HPs)
             Began as a Demonspawn Chaos Knight on Dec 19, 2023.
             Was a Priest of Uskayaw.
             Slain by an orc warrior
             ... wielding a cursed -3 war axe
              (15 damage)
             ... in a bailey.
             The game lasted 00:44:06 (11317 turns).

petercordia the Cleaver (Demonspawn Chaos Knight)  Turns: 11317, Time: 00:44:06

Health: -2/87      AC: 32    Str: 18    XL:     11   Next: 74%
Magic:  15/15      EV:  3    Int: 17    God:    Uskayaw [***...]
Gold:   467        SH:  0    Dex: 11    Spells: 10/10 levels left

rFire    + . .     GDR:     30% a - +1 broad axe
rCold    + . .     SeeInvis .   (no shield)
rNeg     . . .     Gourm    .   w - +5 gold dragon scales
rPois    +         Faith    +   y - +2 helmet {Int+3}
rElec    +         Spirit   .   J - +1 cloak
rCorr    .         Reflect  .   S - +1 pair of gloves {Str+3}
MR       .....                  (no boots)
Stlth    ..........             E - amulet of faith
HPRegen  0.24/turn              Y - ring of insulation
MPRegen  0.14/turn              (no ring)

@: exhausted
A: hooves 1, icy blue scales 2, clumsy 1, low mp 1, sense surroundings 1,
powered by pain 1, screaming 3, MP-powered wands
a: Stomp, Line Pass, Renounce Religion


You were in a bailey.
You worshipped Uskayaw.
Uskayaw was noncommittal.
You were hungry.

You visited 2 branches of the dungeon, and saw 11 of its levels.
You also visited: Ossuary and Bailey.

You collected 714 gold pieces.
You spent 247 gold pieces at shops.

Inventory:

Hand Weapons
 a - a +1 broad axe (weapon)
 b - a +0 war axe
 r - a +0 hand axe of chaos
 G - a +0 dagger of electrocution
 H - a +1 hunting sling of flaming
Missiles
 g - 1550 arrows
 o - 703 sling bullets
 p - 1963 stones
 u - 415 poisoned tomahawks (quivered)
 D - 216 bolts
 K - 147 poisoned needles
Armour
 i - a +0 pair of boots
 w - +5 gold dragon scales (worn)
 y - a +2 helmet of intelligence (worn)
 J - a +1 cloak (worn)
 S - a +1 pair of gloves of strength (worn)
Magical Staves
 P - an uncursed staff of earth {unknown}
 U - a cursed staff of power {unknown}
Jewellery
 x - an uncursed ring of ice
 C - an uncursed ring of fire
 E - an amulet of faith (around neck)
 Y - a ring of insulation (left hand)
Wands
 A - a wand of digging (3)
 B - a wand of iceblast (6)
 F - a wand of polymorph (10)
 N - a wand of acid (12)
 Q - a wand of flame (12)
 T - a wand of clouds (3)
Scrolls
 c - 9 scrolls of teleportation
 d - 5 scrolls of remove curse
 f - a scroll of fog
 m - 3 scrolls of immolation
 s - 3 scrolls of blinking
 t - a scroll of enchant armour
 I - a scroll of acquirement {unknown}
 L - a scroll of revelation
 V - a scroll of noise {unknown}
 X - a scroll of amnesia {unknown}
 Z - a scroll of torment
Potions
 h - 3 potions of mutation
 j - a potion of berserk rage
 k - 6 potions of curing
 l - 2 potions of might
 n - 4 potions of haste
 q - a potion of lignification
 v - a potion of ambrosia
 z - 3 potions of heal wounds
 M - a potion of agility
 O - a potion of flight
 W - a potion of resistance {unknown}
Comestibles
 e - 13 rations {!d}
 R - 2 chunks of flesh


   Skills:
 * Level 8.8 Fighting
 * Level 12.1 Axes
 * Level 8.4 Armour
 + Level 1.8 Dodging
 - Level 2.2 Stealth
 * Level 7.8 Invocations


You had 10 spell levels left.
You didn't know any spells.
Your spell library was empty.

Dungeon Overview and Level Annotations

Branches:
Dungeon (10/12)            Temple (1/1) D:4            Lair (0/6) D:8
    Orc: D:8-11

Altars:
Ashenzari
Cheibriados
Dithmenos
Fedhas
Gozag
Hepliaklqana
Kikubaaqudgha
Lugonu
Makhleb
Nemelex Xobeh
Okawaru
Qazlal
Ru
Sif Muna
Trog
Uskayaw
Vehumet
Wu Jian
Xom
Yredelemnul

Shops:
D:6 :[


Innate Abilities, Weirdness & Mutations

You have large cloven feet.
You are mostly covered in icy blue scales. (AC +3)
You sometimes gain a little power by taking damage.
You are clumsy. (Dex -2)
Your magical capacity is low. (-10% MP)
You passively map a small area around you.
You frequently scream uncontrollably at your foes.
You expend magic power (3 MP) to strengthen your wands.


Message History

The orc warrior hits you with a cursed -3 war axe.
* * * LOW HITPOINT WARNING * * *
No path to travel!
Okay, then.
Unknown command.
Unknown command.
Unknown command.
Unknown command.
You barely miss the orc warrior.
The orc warrior is moderately wounded.
You slash the goblin!
You kill the orc warrior!
You kill the goblin!
Your gold dragon scales prevents you from hitting the orc warrior.
You hit the hobgoblin but do no damage.
The orc warrior hits you with a +0 war axe.
* * * LOW HITPOINT WARNING * * *
The hobgoblin hits you but does no damage.
The orc warrior hits you with a cursed -3 war axe!
You die...
Xom bursts into laughter!

,, ,.... ... , , * ....
###.. , ## ....
###.#'#,, ,###.### ,
###.....### ###.....###
#.........###........:##
..........8##..........#
......go).8#...........#
∩....⌠.@)oooog)........#
.......o).8#)).........#
..........8##..........#
#!........###........}##
###.....###.###.....###.
###.#'# ....###.###...
###.. ......###..... ...
.......#......
......o#......


You could see an orc warlord, 2 orc knights, 2 orc warriors, a gnoll, an orc and
a hobgoblin.

Vanquished Creatures
  3 death yaks (D:8)
  Pikel (D:6)
  2 ugly things
  A manticore (D:9)
  A kobold demonologist (D:6)
  3 trolls
  A hippogriff (D:4)
  Sigmund (D:2)
  A vampire (D:10)
  6 yaks (D:9)
  A wyvern (D:9)
  A wraith (Ossuary)
  A yak (shapeshifter) (D:3)
  2 hungry ghosts
  An acid dragon (D:4)
  An acid dragon (shapeshifter) (D:8)
  A swamp worm (D:7)
  3 water moccasins
  4 ice beasts
  13 orc warriors
  A necrophage (D:9)
  4 ogres
  5 slaves (D:6)
  A black bear (D:9)
  2 phantoms (D:5)
  5 bullfrogs
  2 centaurs
  6 scorpions
  13 wights
  4 howler monkeys
  7 orc priests
  2 crimson imps
  A bullfrog zombie (D:4)
  4 hounds
  5 jellies
  9 orc wizards
  A gnoll shaman (D:3)
  7 worker ants
  A killer bee zombie (D:9)
  A mummy (Ossuary)
  10 gnolls
  A howler monkey skeleton (D:3)
  9 adders
  4 shadow imps
  4 oozes
  4 worms
  5 dart slugs
  3 leopard geckos
  23 orcs
  A bat (D:2)
  A giant cockroach (D:2)
  31 goblins
  17 hobgoblins
  11 jackals
  3 quokkas
  A ball python (D:3)
  2 frilled lizards (D:1)
  9 gnoll skeletons (Ossuary)
  A jackal zombie (D:7)
  3 kobolds
  6 kobold skeletons (Ossuary)
  10 orc skeletons (Ossuary)
  A quokka zombie (D:5)
  5 rats
  A rat zombie (D:5)
  A spectral orc (D:2)
296 creatures vanquished.

Vanquished Creatures (collateral kills)
  2 orc warriors (D:8)
  An ice beast (D:5)
  A sky beast (D:6)
  2 orc priests
  A bullfrog zombie (D:6)
  A hound (D:5)
  Ijyb (D:4)
  A hound skeleton (D:8)
  4 orcs
14 creatures vanquished.

Vanquished Creatures (others)
  2 death yaks (D:8)
  An orc (D:5)
3 creatures vanquished.

Grand Total: 313 creatures vanquished

Notes
Turn   | Place    | Note
-------+----------+-------------------------------------------
     0 | D:1      | petercordia the Demonspawn Chaos Knight began the quest for
                  | the Orb.
     0 | D:1      | Reached XP level 1. HP: 18/18 MP: 1/1
   141 | D:1      | XOM: potion effect (might)
   170 | D:1      | XOM: give mutations
   170 | D:1      | Gained mutation: Scrolls take you a little longer to read.
                  | [Xom's mischief]
   170 | D:1      | Gained mutation: You have sharp toenails. [Xom's mischief]
   170 | D:1      | Gained mutation: You are weak. (Str -2) [Xom's mischief]
   170 | D:1      | Gained mutation: You occasionally shout uncontrollably at
                  | your foes. [Xom's mischief]
   322 | D:1      | Reached skill level 3 in Axes
   327 | D:1      | Gained mutation: You are partially covered in icy blue
                  | scales. (AC +2) [demonic ancestry]
   327 | D:1      | Reached XP level 2. HP: 24/24 MP: 2/2
   404 | D:1      | XOM: swap monsters
   633 | D:1      | XOM: noise
  1205 | D:2      | Lost mutation: You have sharp toenails. [demonic ancestry]
  1205 | D:2      | Gained mutation: You have large cloven feet. [demonic
                  | ancestry]
  1205 | D:2      | Reached XP level 3. HP: 25/29 MP: 3/3
  1309 | D:2      | XOM: mild Hex miscast
  1400 | D:2      | XOM: give mutations
  1400 | D:2      | Gained mutation: You sometimes yell uncontrollably at your
                  | foes. [Xom's mischief]
  1400 | D:2      | Lost mutation: You sometimes yell uncontrollably at your
                  | foes. [Xom's mischief]
  1542 | D:2      | XOM: god gift: 60 gold pieces
  1549 | D:2      | XOM: silly message
  1595 | D:2      | Found a basalt altar of Yredelemnul.
  1670 | D:2      | Noticed Sigmund
  1686 | D:2      | Killed Sigmund
  1687 | D:2      | Reached skill level 4 in Axes
  1687 | D:2      | Reached skill level 1 in Dodging
  1687 | D:2      | Reached XP level 4. HP: 37/37 MP: 4/4
  1687 | D:2      | Reached XP level 5. HP: 42/42 MP: 5/5
  1692 | D:2      | XOM: harmless Ice miscast
  1940 | D:2      | XOM: medium Pois miscast
  2003 | D:2      | XOM: give mutations
  2003 | D:2      | Gained mutation: You sometimes yell uncontrollably at your
                  | foes. [Xom's mischief]
  2003 | D:2      | Gained mutation: You are dopey. (Int -2) [Xom's mischief]
  2003 | D:2      | Gained mutation: Scrolls take you longer to read. [Xom's
                  | mischief]
  2083 | D:3      | Found a radiant altar of Vehumet.
  2105 | D:3      | Noticed an ice beast
  2166 | D:3      | Found a snail-covered altar of Cheibriados.
  2167 | D:3      | Found a bloodstained altar of Trog.
  2173 | D:3      | XOM: noise
  2217 | D:3      | XOM: repel stairs
  2227 | D:3      | XOM: fog
  2233 | D:3      | Noticed a rime drake
  2233 | D:3      | an ice beast changed into a rime drake
  2233 | D:3      | Noticed a meliai
  2233 | D:3      | a rime drake changed into a meliai
  2234 | D:3      | XOM: potion effect (heal wounds)
  2236 | D:3      | Noticed a yak
  2236 | D:3      | a meliai changed into a yak
  2241 | D:3      | Killed a yak
  2242 | D:3      | Reached skill level 5 in Axes
  2242 | D:3      | Reached skill level 1 in Stealth
  2242 | D:3      | Reached XP level 6. HP: 30/48 MP: 6/6
  2532 | D:3      | Found a sacrificial altar of Ru.
  2764 | D:3      | XOM: summons 1 hostile demon
  2964 | D:3      | XOM: harmless Summ miscast
  3094 | D:3      | XOM: give mutations
  3094 | D:3      | Gained mutation: You passively map a small area around you.
                  | [Xom's grace]
  3094 | D:3      | Lost mutation: You are dopey. (Int -2) [Xom's grace]
  3094 | D:3      | Gained mutation: You possess an exceptional clarity of
                  | mind. [Xom's grace]
  3178 | D:4      | Reached XP level 7. HP: 53/55 MP: 7/7
  3213 | D:4      | Noticed a hippogriff
  3219 | D:4      | Killed a hippogriff
  3220 | D:4      | Reached skill level 6 in Axes
  3303 | D:4      | Found a staircase to the Ecumenical Temple.
  3316 | Temple   | Entered the Ecumenical Temple
  3654 | D:4      | XOM: enchant monster (good)
  3753 | D:4      | XOM: summons 5 friendly demons
  3765 | D:4      | Reached skill level 5 in Fighting
  3828 | D:4      | XOM: smoke on damage
  3834 | D:4      | XOM: fake destruction
  3836 | D:4      | Gained mutation: You sometimes gain a little power by
                  | taking damage. [demonic ancestry]
  3836 | D:4      | Reached XP level 8. HP: 24/62 MP: 8/8
  4020 | Temple   | Fell from the grace of Xom
  4020 | Temple   | Became a worshipper of Uskayaw the Reveler
  4199 | D:4      | XOM: scenery: create altars
  4238 | D:4      | Noticed Ijyb
  4245 | D:4      | Reached * piety under Uskayaw
  4252 | D:4      | XOM: cast spell 'Call Canine Familiar'
  4263 | D:4      | Killed Ijyb
  4395 | D:4      | Reached ** piety under Uskayaw
  4427 | D:4      | Found a shadowy altar of Dithmenos.
  4728 | D:4      | XOM: mild Hex miscast
  4780 | D:5      | Entered Level 5 of the Dungeon
  4781 | D:5      | XOM: cast spell 'Leda's Liquefaction'
  4785 | D:5      | Reached *** piety under Uskayaw
  4789 | D:5      | Reached skill level 1 in Invocations
  4792 | D:5      | XOM: divination: detect creatures
  4793 | D:5      | XOM: cast spell 'Summon Mana Viper'
  4797 | D:5      | Reached skill level 7 in Axes
  4807 | D:5      | Found a hazy altar of Hepliaklqana.
  4822 | D:5      | Found a sand-covered staircase.
  4831 | Ossuary  | Entered an ossuary
  4838 | Ossuary  | XOM: silly message
  5006 | Ossuary  | XOM: cast spell 'Olgreb's Toxic Radiance'
  5023 | Ossuary  | Reached skill level 5 in Armour
  5026 | Ossuary  | XOM: cloud trail
  5195 | D:5      | Reached **** piety under Uskayaw
  5291 | D:5      | XOM: give mutations
  5291 | D:5      | Gained mutation: You are dopey. (Int -2) [Xom's mischief]
  5291 | D:5      | Gained mutation: You frequently scream uncontrollably at
                  | your foes. [Xom's mischief]
  5291 | D:5      | Lost mutation: You are dopey. (Int -2) [Xom's mischief]
  5291 | D:5      | Gained mutation: You are frail. (-10% HP) [Xom's mischief]
  5381 | D:5      | XOM: summons 4 hostile demons
  5471 | D:5      | XOM: destruction
  5480 | D:5      | XOM: noise
  5490 | D:5      | XOM: divination: detect items
  5498 | D:5      | Gained mutation: You are mostly covered in icy blue scales.
                  | (AC +3) [demonic ancestry]
  5498 | D:5      | Reached XP level 9. HP: 39/62 MP: 10/10
  5505 | D:5      | Reached skill level 8 in Axes
  5798 | D:5      | XOM: give mutations
  5798 | D:5      | Gained mutation: You are dopey. (Int -2) [Xom's mischief]
  5798 | D:5      | Lost mutation: You are frail. (-10% HP) [Xom's mischief]
  5818 | D:5      | XOM: medium Fire miscast
  5932 | D:5      | XOM: noise
  6006 | D:6      | Found Iseib's Armour Shop.
  6067 | D:6      | XOM: divination: magic mapping
  6072 | D:6      | XOM: summons 9 friendly demons
  6079 | D:6      | Reached ***** piety under Uskayaw
  6095 | D:6      | Bought a +1 pair of gloves of strength for 247 gold pieces
  6129 | D:6      | XOM: harmless Fire miscast
  6192 | D:6      | Found a transporter.
  6207 | D:6      | Noticed a kobold demonologist
  6221 | D:6      | Found a transporter.
  6291 | D:6      | Found Zetz's Book Emporium.
  6336 | D:6      | Found a shimmering altar of Xom.
  6432 | D:6      | Noticed Pikel
  6434 | D:6      | XOM: chaos cloud
  6474 | D:6      | XOM: harmless Summ miscast
  6490 | D:6      | XOM: blink monster(s)
  6546 | D:6      | HP: 3/71 [Pikel/+1 whip of electrocution (19)]
  6547 | D:6      | Killed Pikel
  6548 | D:6      | Reached skill level 9 in Axes
  6795 | D:6      | Noticed a smoke demon
  6800 | D:6      | Noticed a red devil
  6800 | D:6      | Killed a kobold demonologist
  6895 | D:7      | XOM: stealth player
  6921 | D:7      | XOM: enchant monster (bad)
  6929 | D:7      | Reached XP level 10. HP: 58/77 MP: 13/13
  6934 | D:7      | Reached ****** piety under Uskayaw
  7223 | D:7      | Found a shimmering altar of Xom.
  7240 | D:7      | XOM: give mutation
  7240 | D:7      | Gained mutation: You are clumsy. (Dex -2) [Xom's mischief]
  7340 | D:7      | XOM: polymorph spriggan baker -> swamp worm
  7482 | D:7      | Found a shimmering blue altar of Sif Muna.
  7529 | D:7      | XOM: medium Necr miscast
  7535 | D:7      | XOM: cleaving
  7537 | D:7      | XOM: summons 2 friendly demons
  7544 | D:7      | Reached skill level 10 in Axes
  7550 | D:7      | Reached skill level 5 in Invocations
  7693 | D:7      | XOM: cast spell 'Alistair's Intoxication'
  8106 | D:7      | XOM: scenery: create altars
  8245 | D:7      | XOM: cloud trail
  8278 | D:8      | XOM: 2-stop teleportation journey
  8461 | D:8      | XOM: enchant monster (bad)
  8479 | D:8      | XOM: swap monsters
  8496 | D:8      | XOM: blink monster(s)
  8558 | D:8      | Noticed a death yak
  8568 | D:8      | XOM: fog
  8587 | D:8      | Noticed a death yak
  8587 | D:8      | Noticed a death yak
  8589 | D:8      | XOM: summons friendly iron imp
  8593 | D:8      | XOM: summons friendly ufetubus
  8597 | D:8      | Killed a death yak
  8597 | D:8      | XOM: 3-stop teleportation journey
  8661 | D:8      | XOM: 1-stop teleportation journey
  8709 | D:8      | XOM: 1-stop teleportation journey
  8709 | D:8      | Noticed a death yak
  8709 | D:8      | Noticed a death yak
  8730 | D:8      | XOM: give mutations
  8730 | D:8      | Lost mutation: You possess an exceptional clarity of mind.
                  | [Xom's mischief]
  8730 | D:8      | Lost mutation: Scrolls take you longer to read. [Xom's
                  | mischief]
  8756 | D:8      | XOM: give mutations
  8756 | D:8      | Lost mutation: Scrolls take you a little longer to read.
                  | [Xom's mischief]
  8756 | D:8      | Lost mutation: You are weak. (Str -2) [Xom's mischief]
  8756 | D:8      | Lost mutation: You are clumsy. (Dex -2) [Xom's mischief]
  8756 | D:8      | Gained mutation: You expend magic power (3 MP) to
                  | strengthen your wands. [Xom's mischief]
  8904 | D:8      | XOM: confusion (+ monsters)
  8907 | D:8      | XOM: blink monster(s)
  9065 | D:8      | XOM: divination: detect creatures
  9069 | D:8      | XOM: enchant monster (good)
  9072 | D:8      | XOM: fog
  9085 | D:8      | Killed a death yak
  9086 | D:8      | Killed a death yak
  9087 | D:8      | Reached skill level 11 in Axes
  9087 | D:8      | Reached XP level 11. HP: 49/86 MP: 15/15
  9088 | D:8      | Killed a death yak
  9088 | D:8      | XOM: divine lightning
  9089 | D:8      | XOM: enchant monster (good)
  9108 | D:8      | XOM: summons friendly white imp
  9110 | D:8      | Killed a death yak
  9110 | D:8      | XOM: divine lightning
  9287 | D:8      | Found a staircase to the Lair.
  9326 | D:8      | XOM: 3-stop teleportation journey
  9460 | D:8      | XOM: give mutations
  9460 | D:8      | Lost mutation: You are dopey. (Int -2) [Xom's mischief]
  9484 | D:8      | Found a white marble altar of Elyvilon.
  9677 | D:9      | XOM: harmless Fire miscast
  9720 | D:9      | XOM: fog
  9721 | D:9      | XOM: polymorph centaur -> manticore
  9729 | D:9      | XOM: noise
  9734 | D:9      | XOM: cast spell 'Leda's Liquefaction'
  9745 | D:9      | XOM: summons 7 friendly demons
  9747 | D:9      | XOM: scenery: 3 doors open, 1 doors close
  9758 | D:9      | XOM: summons friendly white imp
  9788 | D:9      | XOM: divination: magic mapping
  9853 | D:9      | XOM: enchant monster (bad)
  9874 | D:9      | XOM: god gift: medium shield {god gift}
 10169 | D:9      | Noticed a brown ugly thing
 10181 | D:9      | Killed a brown ugly thing
 10270 | D:9      | XOM: give mutations
 10270 | D:9      | Gained mutation: Your magical capacity is low. (-10% MP)
                  | [Xom's mischief]
 10270 | D:9      | Gained mutation: You are clumsy. (Dex -2) [Xom's mischief]
 10354 | D:9      | XOM: noise
 10373 | D:9      | XOM: polymorph orc priest -> rat
 10413 | D:9      | XOM: silly message
 10533 | D:9      | Found a burning altar of Makhleb.
 10739 | D:10     | Entered Level 10 of the Dungeon
 10741 | D:10     | Noticed a cyan ugly thing
 10754 | D:10     | Killed a cyan ugly thing
 10919 | D:10     | Found a flagged portal.
 10927 | D:10     | XOM: scenery: 2 doors open
 10934 | D:10     | Reached skill level 12 in Axes
 10943 | Bailey   | Entered a bailey
 10956 | Bailey   | XOM: mild Tloc miscast
 10997 | Bailey   | XOM: harmless Fire miscast
 11213 | Bailey   | XOM: 2-stop teleportation journey
 11301 | Bailey   | Noticed an orc knight
 11306 | Bailey   | XOM: 1-stop teleportation journey
 11306 | Bailey   | Noticed an orc warlord
 11306 | Bailey   | Noticed an orc knight
 11307 | Bailey   | Noticed an orc knight
 11311 | Bailey   | XOM: butterfly on damage
 11317 | Bailey   | Slain by an orc warrior

Skill      XL: |  1  2  3  4  5  6  7  8  9 10 11 |
---------------+----------------------------------+-----
Axes           | 3 4 5 6 7 9 11 12 | 12.1
Fighting       | 4 5 6 7 8 |  8.8
Armour         | 2 4 5 6 7 8 |  8.4
Dodging        | 1 |  1.8
Stealth        | 1 2 |  2.2
Invocations    | 2 4 6 7 |  7.8

Action                   |  1- 3 |  4- 6 |  7- 9 | 10-12 || total
-------------------------+-------+-------+-------+-------++-------
Melee: Hand axe          |    79 |   123 |   375 |       ||   577
       Kick              |    16 |    21 |   119 |   131 ||   287
       Unarmed           |       |       |    14 |       ||    14
       War axe           |       |       |    17 |   203 ||   220
       Broad axe         |       |       |       |   301 ||   301
 Fire: Hunting sling     |       |       |    13 |       ||    13
Throw: Tomahawk          |       |     1 |     5 |    10 ||    16
       Stone             |       |     1 |       |       ||     1
Invok: Stomp             |       |       |     1 |       ||     1
       Line Pass         |       |       |       |     5 ||     5
       Grand Finale      |       |       |       |     1 ||     1
 Abil: Lunge             |       |       |     4 |    12 ||    16
Evoke: Wand              |       |       |     3 |     2 ||     5
  Use: Scroll            |     1 |       |    20 |     4 ||    25
       Potion            |       |     1 |     2 |     3 ||     6
 Stab: Petrified         |       |     3 |       |       ||     3
       Paralysed         |       |     2 |    15 |    15 ||    32
       Confused          |       |       |     3 |     2 ||     5
       Distracted        |       |       |     1 |       ||     1
       Invisible         |       |       |     3 |       ||     3
       Petrifying        |       |       |     1 |       ||     1
  Eat: Chunk             |     4 |     7 |    24 |    18 ||    53
       Ration            |       |       |       |     7 ||     7
Armor: Leather armour    |    14 |    17 |       |       ||    31
       Gold dragon scale |       |    57 |   430 |   456 ||   943
       Skin              |       |       |     3 |    12 ||    15
Dodge: Dodged            |    38 |    18 |    17 |    76 ||   149
